 Dungeon Crawl Stone Soup version 0.17-a0-483-g810ce3f (console) character file.

5148 vogonpoet the Bludgeoner (level 10, -3/111 HPs)
             Began as an Ogre Hunter on Apr 8, 2015.
             Was a High Priest of Makhleb.
             Slain by a three-headed hydra (5 damage)
             ... on level 8 of the Dungeon.
             The game lasted 00:24:37 (8244 turns).

vogonpoet the Bludgeoner (Ogre Hunter)              Turns: 8244, Time: 00:24:38

Health: -3/111     AC:  4    Str: 19    XL:     10   Next: 59%
Magic:  10/10      EV: 11    Int: 15    God:    Makhleb [*****.]
Gold:   389        SH:  0    Dex: 11    Spells: 0 memorised, 9 levels left

rFire  + . .     SeeInvis .     O - +0 whip (elec)
rCold  . . .     Clarity  .     b - +0 robe
rNeg   . . .     SustAb   .     (no shield)
rPois  .         Gourm    .     (helmet restricted)
rElec  .         Spirit   .     F - +0 cloak
rCorr  .         Warding  .     (gloves unavailable)
rMut   .         Stasis   .     (boots unavailable)
MR     +....                    r - amulet of regeneration
Stlth  +.........               X - +3 ring of intelligence
                                i - ring of protection from fire

@: somewhat resistant to hostile enchantments, very unstealthy
A: unfitting armour, tough skin 1
a: Minor Destruction, Lesser Servant of Makhleb, Major Destruction, Greater
Servant of Makhleb, Renounce Religion


You were on level 8 of the Dungeon.
You worshipped Makhleb.
Makhleb was extremely pleased with you.
You were not hungry.

You visited 1 branch of the dungeon, and saw 8 of its levels.

You collected 389 gold pieces.

Inventory:

Hand weapons
 e - a +0 hand axe of flaming
 u - a +0 blowgun
 I - a +0 dire flail
 O - a +0 whip of electrocution (weapon)
 S - a +1 giant spiked club
 U - a +0 shortbow of velocity
Missiles
 c - a throwing net
 g - 33 poisoned needles
 n - 3 tomahawks
 y - 19 poisoned arrows
 K - 6 needles of slowing
 V - 17 arrows
 Y - 2 large rocks (quivered)
Armour
 b - a +0 robe (worn)
 F - a +0 cloak (worn)
Magical staves
 z - an uncursed staff of energy
Jewellery
 d - a cursed ring of magical power
 i - a ring of protection from fire (left hand)
 l - an uncursed amulet of resist mutation
 r - an amulet of regeneration (around neck)
 w - an uncursed ring of teleportation
 X - a +3 ring of intelligence (right hand)
Magical devices
 v - a wand of digging (14)
 G - a wand of slowing (34)
 J - a wand of flame (39)
 L - a wand of slowing (32)
Scrolls
 q - 3 scrolls of remove curse
 C - a scroll of blinking
 M - 3 scrolls of amnesia
 N - a scroll of brand weapon {unknown}
 Q - 3 scrolls of magic mapping
 R - 4 scrolls of enchant weapon
 W - 2 scrolls of fear
Potions
 h - 2 potions of lignification
 k - 4 potions of magic
 m - 3 potions of brilliance
 o - 2 potions of restore abilities
 p - a potion of invisibility
 s - a potion of resistance
 x - a potion of cure mutation {unknown}
 A - 2 potions of heal wounds
 B - a potion of berserk rage {unknown}
 E - a potion of flight {unknown}
 P - a potion of haste {unknown}
 Z - a potion of curing
Comestibles
 a - 2 slices of pizza
 f - 5 bread rations
 j - 4 fruits
 D - 2 meat rations
 H - 3 beef jerkies
 T - 14 chunks of flesh


   Skills:
 - Level 10.4 Fighting
 - Level 15.0 Maces & Flails
 - Level 4.3 Throwing
 + Level 4.7 Dodging
 - Level 0.7 Stealth


You had 9 spell levels left.
You didn't know any spells.

Dungeon Overview and Level Annotations

Branches:
Dungeon (8/15)             Temple (0/1) D:6            Lair (0/8) D:8

Altars:
Elyvilon
Fedhas
Gozag
Makhleb
Okawaru
Sif Muna
Xom
Yredelemnul

Shops:
D:5 %   D:6 %


Innate Abilities, Weirdness & Mutations

You are too large for most types of armour.
You have tough skin (AC +1).


Message History

The three-headed hydra barely misses you.
You hit the three-headed hydra.
The three-headed hydra is severely wounded.
You whack the three-headed hydra!
The three-headed hydra is severely wounded.
The three-headed hydra bites you!
* * * LOW HITPOINT WARNING * * *
The three-headed hydra bites you.
* * * LOW HITPOINT WARNING * * *
The three-headed hydra closely misses you.
You whack the three-headed hydra!
The three-headed hydra is almost dead.
You hit the three-headed hydra.
The three-headed hydra is almost dead.
The three-headed hydra bites you!
* * * LOW HITPOINT WARNING * * *
The three-headed hydra bites you.
* * * LOW HITPOINT WARNING * * *
The three-headed hydra bites you.
You die...

#.....†.....# #
#.#########.# ## #)#
#.########.
#.##########.........
#.#%.#.%...#########.
#.#%.'%.%.≈# #.
#)#..'.P...### #.
#.#..'....≈..#######(
#.#.@#.....#.......)!
#.#D##P≈P.≈###)######
#.#% #≈≈≈≈P# #.# #.#.
+.P≈PP# #.# #.##
####### #.# #.# #.#
#.### #.# #...# #.#
###.# ...


You could see a three-headed hydra.

Vanquished Creatures
  Pikel (D:7)
  Joseph (D:8)
  A komodo dragon (D:8)
  Grinder (D:3)
  2 yaks (D:8)
  Menkaure (D:5)
  Purgy (D:3)
  3 sky beasts
  A black bear (D:8)
  3 slaves (D:7)
  2 centaurs (D:7)
  3 orc warriors
  3 ogres
  2 phantoms (D:6)
  4 big kobolds
  A crocodile (D:8)
  Blork the orc (D:5)
  3 giant frogs
  A wyvern zombie (D:8)
  4 crimson imps
  2 goliath beetles (D:7)
  7 orc wizards
  A giant frog zombie (D:5)
  A centaur skeleton (D:7)
  6 hounds
  8 orc priests
  Ijyb (D:3)
  3 iguanas
  7 worker ants
  A quasit (D:6)
  2 sheep (D:8)
  A mummy (D:7)
  9 adders
  A worm (D:2)
  3 oozes
  37 orcs
  2 ball pythons
  6 giant cockroaches
  2 gnoll zombies (D:5)
  7 goblins
  14 hobgoblins
  8 jackals
  5 quokkas
  13 bats
  5 giant geckos
  A giant gecko skeleton (D:4)
  A giant newt (D:5)
  2 giant spores
  15 kobolds
  7 rats
  9 ballistomycetes
  A plant (D:8)
227 creatures vanquished.

Notes
Turn   | Place    | Note
--------------------------------------------------------------
     0 | D:1      | vogonpoet, the Ogre Hunter, began the quest for the Orb.
     0 | D:1      | Reached XP level 1. HP: 22/22 MP: 1/1
    67 | D:1      | You fall through a shaft!
   199 | D:1      | Reached XP level 2. HP: 31/31 MP: 2/2
   334 | D:1      | Reached skill level 1 in Maces & Flails
   764 | D:1      | Reached XP level 3. HP: 28/39 MP: 3/3
  1201 | D:2      | Found a burning altar of Makhleb.
  1210 | D:2      | Became a worshipper of Makhleb the Destroyer
  1763 | D:2      | Found a shimmering altar of Xom.
  1900 | D:3      | Noticed Ijyb
  1916 | D:3      | Killed Ijyb
  1916 | D:3      | Reached XP level 4. HP: 48/48 MP: 4/4
  2270 | D:3      | Reached skill level 5 in Maces & Flails
  2286 | D:3      | Noticed Grinder
  2291 | D:3      | Killed Grinder
  2291 | D:3      | Reached skill level 7 in Maces & Flails
  2291 | D:3      | Reached XP level 5. HP: 45/54 MP: 5/5
  2291 | D:3      | Reached XP level 6. HP: 51/62 MP: 6/6
  2538 | D:3      | Noticed Purgy
  2541 | D:3      | Killed Purgy
  2541 | D:3      | Reached skill level 8 in Maces & Flails
  2665 | D:3      | Acquired Makhleb's first power
  2748 | D:3      | Found a white marble altar of Elyvilon.
  2748 | D:3      | Found a blossoming altar of Fedhas.
  3018 | D:4      | Found an iron altar of Okawaru.
  3106 | D:4      | Reached XP level 7. HP: 60/68 MP: 7/7
  3283 | D:4      | Reached skill level 9 in Maces & Flails
  3761 | D:5      | Entered Level 5 of the Dungeon
  3824 | D:5      | Acquired Makhleb's second power
  3824 | D:5      | Reached skill level 10 in Maces & Flails
  3988 | D:5      | Reached skill level 5 in Fighting
  4008 | D:5      | Noticed Menkaure
  4009 | D:5      | Killed Menkaure
  4009 | D:5      | Reached XP level 8. HP: 79/84 MP: 8/8
  4178 | D:5      | Noticed Blork the orc
  4183 | D:5      | Killed Blork the orc
  4315 | D:5      | Found Voybraow's Food Boutique.
  4415 | D:5      | Found a basalt altar of Yredelemnul.
  5028 | D:5      | Found a deep blue altar of Sif Muna.
  5093 | D:6      | Found a staircase to the Ecumenical Temple.
  5178 | D:6      | Acquired Makhleb's third power
  5444 | D:6      | Found Tulet's Food Emporium.
  5482 | D:6      | Reached skill level 10 in Fighting
  5594 | D:6      | Reached XP level 9. HP: 102/102 MP: 9/9
  5960 | D:7      | Reached skill level 11 in Maces & Flails
  6132 | D:7      | Acquired Makhleb's fourth power
  6264 | D:7      | Reached skill level 12 in Maces & Flails
  6889 | D:7      | Noticed Pikel
  6927 | D:7      | Killed Pikel
  6927 | D:7      | Reached skill level 13 in Maces & Flails
  7096 | D:7      | Found an opulent altar of Gozag.
  7217 | D:7      | Reached skill level 14 in Maces & Flails
  7217 | D:7      | Reached XP level 10. HP: 100/111 MP: 10/10
  7311 | D:8      | Found a staircase to the Lair.
  7346 | D:8      | Acquired Makhleb's fifth power
  7911 | D:8      | Reached skill level 15 in Maces & Flails
  8095 | D:8      | Noticed Joseph
  8128 | D:8      | Killed Joseph
  8223 | D:8      | Noticed a three-headed hydra
  8244 | D:8      | HP: 2/111 [three-headed hydra (4)]
  8244 | D:8      | Slain by a three-headed hydra

Action                   |  1- 3 |  4- 6 |  7- 9 | 10-12 || total
-------------------------+-------+-------+-------+-------++-------
Melee: Short sword       |    71 |       |       |       ||    71
       Whip              |    49 |    97 |    53 |   162 ||   361
       Flail             |       |       |   103 |       ||   103
       Dire flail        |       |       |   318 |    35 ||   353
       Giant spiked club |       |       |       |     6 ||     6
Throw: Large rock        |    16 |    17 |    33 |       ||    66
       Throwing net      |     1 |       |     3 |       ||     4
  Use: Scroll            |       |    10 |     7 |     2 ||    19
       Potion            |       |       |     2 |       ||     2
 Stab: Sleeping          |     2 |       |       |       ||     2
       Held in net/web   |     2 |       |       |       ||     2
  Eat: Chunk             |     3 |     4 |    16 |     5 ||    28
       Fruit             |       |     1 |     1 |       ||     2
